 Dungeon Crawl Stone Soup version 0.29.0-13-gc9e81de378 (webtiles) character file.

Game seed: 18303545102117293548

208719 Monkooky the Force of Nature (level 18, -3/166 HPs)
             Began as a Hill Orc Monk on Sept 11, 2022.
             Was the Champion of Fedhas.
             Slain by an entropy weaver simulacrum (38 damage)
             ... on level 2 of the Spider Nest.
             The game lasted 02:05:54 (39985 turns).

Monkooky the Force of Nature (Hill Orc Monk)       Turns: 39985, Time: 02:05:54

Health: -3/166     AC: 25    Str: 25    XL:     18   Next: 79%
Magic:  26/31      EV: 10    Int: 13    God:    Fedhas [******]
Gold:   1238       SH: 13    Dex: 13    Spells: 17/17 levels left

rFire   + + .      SeeInvis .   X - +9 eveningstar (freeze)
rCold   . . .      Faith    .   Y - +0 kite shield {reflect}
rNeg    . . .      Spirit   .   S - +0 fire dragon scales
rPois   +          Reflect  +   N - +3 helmet "Lour" {Int+3}
rElec   .          Harm     .   V - +1 cloak {Will+}
rCorr   .          Rampage  .   C - +2 pair of gloves {Str+3}
Will    ++...                   A - +0 pair of boots
Stlth   ..........              k - amulet of regeneration
HPRegen 1.17/turn               j - ring of Midsummer {AC+4 Slay+6}
MPRegen 0.22/turn               m - ring of the Thistle {rPois rC+}

@: corroded
A: no striking features
}: 1/15 runes: barnacled
a: Renounce Religion, Wall of Briars, Grow Ballistomycete, Overgrow, Grow Oklob


You were on level 2 of the Spider Nest.
You worshipped Fedhas.
Fedhas was exalted by your worship.
You visited 5 branches of the dungeon, and saw 28 of its levels.
You also visited: Sewer and Bailey.

You collected 3711 gold pieces.
You spent 2473 gold pieces at shops.

Inventory:

Hand Weapons
 X - a +9 eveningstar of freezing (weapon)
Missiles
 b - 20 boomerangs
 q - 14 javelins
 H - 10 silver javelins
 K - a throwing net
 R - 12 curare-tipped darts
 Z - 4 silver boomerangs
Armour
 A - a +0 pair of boots (worn)
 C - a +2 pair of gloves of strength (worn)
 N - the +3 helmet "Lour" (worn) {Int+3}
   (You found it on level 3 of the Shoals)

   Int:       It affects your intelligence (+3).
 S - +0 fire dragon scales (worn)
 V - a +1 cloak of willpower (worn)
 Y - a +0 kite shield of reflection (worn)
Jewellery
 d - a +4 ring of protection
 j - the ring of Midsummer (left hand) {AC+4 Slay+6}
   (You bought it in a shop on level 11 of the Dungeon)

   [ring of protection]

   AC:        It affects your AC (+4).
   Slay:      It affects your accuracy & damage with ranged weapons and melee
   (+6).
 k - an amulet of regeneration (around neck)
 m - the ring of the Thistle (right hand) {rPois rC+}
   (You bought it in a shop on level 11 of the Dungeon)

   [ring of protection from cold]

   rC:        It protects you from cold.
   rPois:     It protects you from poison.
 y - a ring of protection from cold
 M - a ring of willpower
Wands
 a - a wand of digging (5)
 u - a wand of mindburst (18)
 F - a wand of iceblast (22)
 I - a wand of flame (20) (quivered)
 J - a wand of charming (30)
Scrolls
 g - 3 scrolls of silence
 r - 6 scrolls of fear
 x - 9 scrolls of teleportation
 z - 2 scrolls of poison
 B - 3 scrolls of immolation
 E - 3 scrolls of magic mapping
 P - 2 scrolls of vulnerability
 Q - a scroll of summoning
 T - 5 scrolls of blinking
 U - 3 scrolls of butterflies
Potions
 c - 4 potions of ambrosia
 e - a potion of berserk rage
 h - a potion of flight
 i - 5 potions of heal wounds
 l - 2 potions of invisibility
 o - 5 potions of brilliance
 s - a potion of magic
 t - 2 potions of mutation
 v - 4 potions of attraction
 w - 3 potions of cancellation
 D - 11 potions of curing
 G - 2 potions of haste
 O - 3 potions of might
 W - a potion of resistance
Miscellaneous
 f - a phantom mirror
 n - a condenser vane (inert)
 p - a tin of tremorstones (2/2)


   Skills:
 - Level 16.0 Fighting
 - Level 6.7(13.6) Axes
 - Level 15.6(16.0) Maces & Flails
 + Level 6.8 Throwing
 - Level 14.2 Armour
 - Level 3.2 Dodging
 - Level 1.5 Stealth
 - Level 14.4 Shields
 - Level 19.0 Invocations
 - Level 12.3 Evocations


You had 17 spell levels left.
You didn't know any spells.
Your spell library contained the following spells:

 Spells                   Type           Power      Damage    Failure   Level
 Apportation              Tloc           0%         N/A       77%         1
 Magic Dart               Conj           0%         1d3       77%         1
 Sandblast                Erth           0%         2d4       77%         1
 Blink                    Tloc           0%         N/A       88%         2
 Call Imp                 Summ           0%         N/A       88%         2
 Passwall                 Tmut/Erth      0%         N/A       88%         2
 Sublimation of Blood     Necr           0%         N/A       88%         2
 Wereblood                Tmut           0%         N/A       88%         2
 Call Canine Familiar     Summ           0%         N/A       98%         3
 Frozen Ramparts          Ice            0%         1d1       98%         3
 Gell's Gravitas          Tloc           0%         N/A       98%         3
 Lesser Beckoning         Tloc           0%         N/A       98%         3
 Mephitic Cloud           Conj/Pois/Air  0%         N/A       98%         3
 Portal Projectile        Hex/Tloc       0%         N/A       98%         3
 Stone Arrow              Conj/Erth      0%         3d7       98%         3
 Teleport Other           Tloc           0%         N/A       98%         3
 Cause Fear               Hex            0%         N/A       100%        4
 Fulminant Prism          Conj/Hex       0%         3d6       100%        4
 Ice Form                 Ice/Tmut       0%         N/A       100%        4
 Iskenderun's Mystic Bla  Conj/Tloc      0%         2d3       100%        4
 Leda's Liquefaction      Hex/Erth       0%         N/A       100%        4
 Passage of Golubria      Tloc           0%         N/A       100%        4
 Petrify                  Tmut/Erth      0%         N/A       100%        4
 Sticky Flame             Conj/Fire      0%         2d3       100%        4
 Summon Ice Beast         Ice/Summ       0%         N/A       100%        4
 Alistair's Intoxication  Tmut/Pois      0%         N/A       100%        5
 Fireball                 Conj/Fire      0%         3d3       100%        5
 Iskenderun's Battlesphe  Conj           0%         2d6       100%        5
 Lee's Rapid Deconstruct  Erth           0%         3d5*      100%        5
 Metabolic Englaciation   Hex/Ice        0%         N/A       100%        5
 Silence                  Hex/Air        0%         N/A       100%        5
 Statue Form              Tmut/Erth      0%         N/A       100%        6
 Dragon Form              Tmut           0%         N/A       100%        7
 Summon Hydra             Summ           0%         N/A       100%        7
 Lehudib's Crystal Spear  Conj/Erth      0%         10d2      100%        8
 Death's Door             Necr           0%         N/A       100%        9
 Dragon's Call            Summ           0%         N/A       100%        9


Dungeon Overview and Level Annotations

Branches:
Dungeon (15/15)            Temple (0/1) D:7            Lair (5/5) D:9
 Shoals (4/4) Lair:2       Spider (2/4) Lair:3        Slime (0/5) Lair:4
    Orc (2/2) D:10            Elf (0/3) Orc:2        Vaults (0/5) D:14
 Depths (0/4) D:15          Sewer (visited)          Bailey (visited)

Altars:
Cheibriados
Dithmenos
Elyvilon
Fedhas
Gozag
Hepliaklqana
Kikubaaqudgha
Makhleb
Okawaru
Trog
Xom
Yredelemnul
Zin
The Shining One
Beogh

Shops:
D:3 :?:   D:7 :   D:11 ==[   D:13 (   Orc:1 ([(   Orc:2 [*((   Shoals:4 !

Portals:
Trove: D:14 (give 12 potions of heal wounds)

Annotations:
D:2 Sigmund
D:3 exclusion: downstairs
D:5 exclusion: downstairs
D:6 3 runed translucent doors, mdonais's ghost, novice MeFi
D:8 1 runed translucent door
D:10 3 runed translucent doors, exclusion: downstairs, FortyBot's ghost, journeyman FoFi; SensoryNuts's ghost, journeyman DsFi
D:12 2 transporters, ebering's ghost, journeyman OpCA
Shoals:1 exclusion: downstairs
Shoals:3 2 transporters


Message History

A freezing mist starts to gather...
The torpor snail is engulfed in freezing vapours.
You kill the torpor snail!
Fedhas appreciates your contribution to the ecosystem.
A freezing mist starts to gather...
Your ballistomycete spore explodes!
The explosion of spores engulfs the wolf spider simulacrum!!!
The wolf spider simulacrum vaporises!
Fedhas protects your plant from harm. x3
A wolf spider simulacrum and a torpor snail simulacrum come into view.
Unknown command.
You impale the entropy weaver simulacrum!!
The entropy weaver simulacrum is heavily damaged.
You feel yourself speed up.
The entropy weaver simulacrum closely misses you.
You block the entropy weaver simulacrum's attack. x3
Unknown command.
You hit the entropy weaver simulacrum but do no damage.
The entropy weaver simulacrum is heavily damaged.
The jumping spider leaps!
The entropy weaver simulacrum hits you.
The entropy weaver simulacrum freezes you!!
The entropy weaver simulacrum hits you but does no damage.
You block the entropy weaver simulacrum's attack.
The entropy weaver simulacrum hits you.
The entropy weaver simulacrum freezes you!!!
Unknown command.
Press: ? - help, v - describe, . - travel
Here: a wolf spider simulacrum (freezing vapour)
The floor.
You walk carefully through the plants.
The entropy weaver simulacrum attacks as you move away!
The entropy weaver simulacrum hits you but does no damage.
The entropy weaver simulacrum hits you.
The entropy weaver simulacrum freezes you!!
* * * LOW HITPOINT WARNING * * *
The entropy weaver simulacrum hits you.
* * * LOW HITPOINT WARNING * * *
The entropy weaver simulacrum freezes you!!!
You die...
Fedhas appreciates your contribution to the ecosystem.

############
#...........
#....§P§...#
#§§PPP§§...○
#§§P@PZ§....
#§§ZPZ§§....
#.§§§s☼§....
#.§§§§§§....
#...§§§§....
#...§§#.....
#...§§§§§§..
#...§§§§§§..


You could see a jumping spider (soul bound), a wolf spider simulacrum, a torpor
snail simulacrum (ally target), an entropy weaver simulacrum (ally target) and a
friendly ballistomycete (summoned).

Vanquished Creatures
  Jorgrun (Shoals:2)
  Rupert (D:14)
  Agnes (Spider:1)
  Kirke (Lair:3)
  The ghost of Cedruin the Warrior, an adept DrAr of Okawaru (Shoals:1)
  Donald (Orc:2)
  Ilsuiw (Shoals:2)
  A fire giant (D:15)
  Roxanne (Spider:1)
  An orc warlord (Orc:1)
  Aizul (Spider:1)
  A broodmother (Spider:1)
  An entropy weaver (Spider:2)
  Azrael (Orc:2)
  Snorg (Lair:3)
  A fire dragon (D:9)
  An ettin (Orc:1)
  5 merfolk javelineers
  6 merfolk impalers
  9 hydras
  A jorogumo (Spider:1)
  2 catoblepae
  4 boulder beetles
  9 centaur warriors
  4 merfolk aquamancers
  A death knight (D:13)
  5 two-headed ogres
  4 merfolk avatars
  A tengu warrior (D:13)
  3 death yaks (Lair:4)
  An alligator snapping turtle (Shoals:2)
  2 satyrs
  Urug (D:14)
  An orc high priest (Bailey)
  Sonja (Orc:2)
  A sun demon (D:9)
  A sixfirhy (D:9)
  18 sea snakes
  5 pharaoh ants
  2 steelbarb worms (Spider:1)
  3 orb spiders (Spider:1)
  An orange crystal statue (Shoals:3)
  A wizard (D:15)
  22 harpies
  7 wolf spiders
  Pikel (D:6)
  2 orc knights
  2 deep elf pyromancers
  12 ugly things
  An orc sorcerer (Orc:1)
  11 fauns
  16 manticores
  A moth of wrath (Spider:1)
  6 cyclopes
  22 merfolk sirens
  11 black mambas
  20 elephants
  8 water nymphs
  4 torpor snails
  Joseph (D:9)
  10 cane toads
  7 rime drakes
  5 demonic crawlers (Spider:1)
  3 unseen horrors
  A komodo dragon (shapeshifter) (D:13)
  Maggie (D:6)
  2 kobold demonologists (D:13)
  A hellwing (D:9)
  13 komodo dragons
  A freezing wraith (D:14)
  A tengu conjurer (D:14)
  2 ice devils (D:9)
  5 meliai
  A queen bee (Lair:4)
  11 trolls
  10 wind drakes
  7 polar bears
  6 hornets
  8 tarantellas
  10 snapping turtles
  35 merfolk
  Prince Ribbit (D:8)
  19 slime creatures
  18 dream sheep
  13 blink frogs
  4 jumping spiders (Spider:1)
  6 culicivoras
  14 spriggans (Lair:5)
  44 yaks
  5 wraiths
  2 vampires (D:14)
  8 water elementals
  3 wyverns
  3 shadows
  A ynoxinul (D:9)
  3 fire elementals (Orc:2)
  8 basilisks
  A chaos spawn (D:8)
  4 hogs (Lair:3)
  16 humans (D:14)
  7 vampire mosquitoes
  A steam dragon (Lair:4)
  17 redbacks
  2 wargs (D:10)
  An acid dragon (D:13)
  2 hell hounds (Orc:2)
  Duvessa (D:6)
  19 water moccasins
  Pargi (Sewer)
  39 orc warriors
  A meliai simulacrum (D:12)
  4 black bears
  5 ice beasts
  6 ogres
  3 boggarts (Lair:5)
  27 centaurs
  27 wolves
  2 lemures (D:6)
  2 kobold brigands
  A gnoll sergeant (D:5)
  A necrophage (D:8)
  6 scorpions
  8 bullfrogs
  14 wights
  Dowan (D:6)
  33 killer bees
  7 howler monkeys
  8 electric eels
  12 hounds
  3 quasits (D:9)
  7 jellies
  3 gnoll boudas
  13 orc priests
  Jessica (D:2)
  9 hell rats
  13 orc wizards
  Natasha (thrice) (D:3)
  5 iguanas
  14 gnolls
  6 adders
  9 river rats
  2 ufetubi
  2 worms (D:2)
  3 dart slugs
  73 orcs
  11 ball pythons
  10 endoplasms
  A giant cockroach (D:3)
  24 goblins
  12 hobgoblins
  3 jackals (Sewer)
  5 quokkas
  4 bats
  3 frilled lizards
  19 kobolds
  9 rats
  A ballistomycete spore (Orc:2)
1095 creatures vanquished.

Vanquished Creatures (collateral kills)
  A manticore (Shoals:2)
  3 merfolk sirens (Shoals:3)
  A kobold demonologist (Bailey)
  2 merfolk
  A wind drake (Shoals:3)
  A meliai (Lair:4)
  A tarantella (Spider:1)
  A water elemental (Shoals:3)
  A redback (Spider:1)
  A hell hound (Orc:2)
  An orc warrior (Orc:2)
  A black bear (D:5)
  A phantom (D:5)
  A killer bee (Lair:4)
  2 orc priests (Orc:2)
  An orc wizard (D:5)
  An iguana (D:5)
  A dart slug (D:5)
  An orc (Orc:2)
  A goblin (Bailey)
  194 ballistomycete spores
218 creatures vanquished.

Vanquished Creatures (others)
  A culicivora (Spider:1)
  A centaur (Orc:2)
  An orc (Orc:1)
  13 ballistomycete spores
  2 demonic plants (D:9)
  25 fungi
  158 plants
  A withered plant (Shoals:2)
202 creatures vanquished.

Grand Total: 1515 creatures vanquished

Notes
Turn   | Place    | Note
-------+----------+-------------------------------------------
     0 | D:1      | Monkooky the Hill Orc Monk began the quest for the Orb.
     0 | D:1      | Reached XP level 1. HP: 19/19 MP: 1/1
   208 | D:1      | Reached XP level 2. HP: 18/26 MP: 2/2
   347 | D:1      | Reached skill level 5 in Axes
   573 | D:1      | Reached XP level 3. HP: 18/31 MP: 3/3
  2213 | D:2      | Noticed Sigmund
  2353 | D:2      | Noticed Jessica
  2364 | D:2      | Killed Jessica
  2365 | D:2      | Reached XP level 4. HP: 21/39 MP: 4/4
  2560 | D:2      | Found a faded altar of an unknown god.
  3151 | D:3      | Found a blossoming altar of Fedhas.
  3157 | D:3      | Became a worshipper of Fedhas Madash
  3157 | D:3      | Reached * piety under Fedhas
  3157 | D:3      | Reached ** piety under Fedhas
  3165 | D:3      | Found Toghas's Book Emporium.
  3182 | D:3      | Reached skill level 1 in Invocations
  3204 | D:3      | Noticed Natasha
  3422 | D:3      | Reached skill level 2 in Invocations
  3489 | D:3      | Found a glowing drain.
  3523 | Sewer    | Entered a sewer
  3584 | Sewer    | Noticed Pargi
  3642 | Sewer    | Killed Pargi
  3643 | Sewer    | Reached skill level 4 in Invocations
  3643 | Sewer    | Reached XP level 5. HP: 30/45 MP: 5/8
  3908 | D:3      | Found an iron altar of Okawaru.
  3908 | D:3      | Found a shadowy altar of Dithmenos.
  3915 | D:3      | Found an opulent altar of Gozag.
  3918 | D:3      | Found a shimmering altar of Xom.
  3920 | D:3      | Found a bloodstained altar of Trog.
  3925 | D:3      | Found a snail-covered altar of Cheibriados.
  3987 | D:3      | Found Bufut's Book Shop.
  4019 | D:3      | Killed Natasha
  4020 | D:3      | Reached skill level 5 in Invocations
  4020 | D:3      | Reached XP level 6. HP: 42/51 MP: 9/9
  4022 | D:3      | Found Ruuvvegh's Magic Scroll Shoppe.
  4025 | D:3      | Bought a scroll of poison for 44 gold pieces
  4025 | D:3      | Bought a scroll of identify for 22 gold pieces
  4025 | D:3      | Bought a scroll of noise for 11 gold pieces
  4068 | D:3      | Noticed Natasha
  4101 | D:3      | Killed Natasha
  4621 | D:3      | Noticed Natasha
  4632 | D:3      | Killed Natasha
  4741 | D:4      | Reached *** piety under Fedhas
  4824 | D:4      | Reached XP level 7. HP: 60/60 MP: 10/10
  5078 | D:4      | Reached skill level 6 in Invocations
  5088 | D:5      | Entered Level 5 of the Dungeon
  5244 | D:5      | Reached skill level 7 in Invocations
  5681 | D:5      | Reached XP level 8. HP: 67/67 MP: 9/13
  5725 | D:5      | Noticed a troll
  5757 | D:5      | Reached skill level 5 in Maces & Flails
  5787 | D:5      | Killed a troll
  5805 | D:5      | Reached **** piety under Fedhas
  5817 | D:5      | Reached XP level 9. HP: 16/73 MP: 14/14
  6466 | D:5      | Identified the +0 short sword of Contradiction {freeze,
                  | +Blink rElec}
  6616 | D:5      | Found a burning altar of Makhleb.
  6948 | D:6      | Found a runed translucent gate.
  6948 | D:6      | Found a runed translucent gate.
  6949 | D:6      | Found a runed translucent gate.
  6952 | D:6      | Noticed mdonais's ghost (novice MeFi)
  7076 | D:6      | Found a white marble altar of Elyvilon.
  7204 | D:6      | Noticed Pikel
  7227 | D:6      | Killed Pikel
  7369 | D:6      | Reached skill level 10 in Maces & Flails
  7418 | D:6      | Reached skill level 5 in Fighting
  7431 | D:6      | Reached skill level 1 in Armour
  7646 | D:6      | Reached XP level 10. HP: 54/83 MP: 15/15
  8064 | D:6      | Noticed Maggie
  8083 | D:6      | Killed Maggie
  8084 | D:6      | Reached skill level 8 in Invocations
  8260 | D:6      | Noticed Duvessa
  8260 | D:6      | Noticed Dowan
  8266 | D:6      | Killed Duvessa
  8275 | D:6      | Killed Dowan
  8351 | D:6      | Found a glowing golden altar of the Shining One.
  8352 | D:6      | Found a glowing silver altar of Zin.
  8664 | D:7      | Found Femuzom's Book Shop.
  8708 | D:7      | Reached skill level 9 in Invocations
  8734 | D:7      | Found a flagged portal.
  8874 | Bailey   | Entered a bailey
  8982 | Bailey   | Reached ***** piety under Fedhas
  8996 | Bailey   | Reached skill level 10 in Invocations
  9041 | Bailey   | Noticed an orc high priest
  9054 | Bailey   | Killed an orc high priest
  9685 | Bailey   | Found an iron altar of Okawaru.
  9687 | Bailey   | Noticed a kobold demonologist
  9687 | Bailey   | Noticed an orc knight
  9708 | Bailey   | Killed a kobold demonologist
  9717 | Bailey   | Killed an orc knight
  9718 | Bailey   | Reached skill level 10 in Fighting
 10245 | D:7      | Reached XP level 11. HP: 97/101 MP: 18/18
 10245 | D:7      | Reached XP level 12. HP: 102/107 MP: 19/19
 10582 | D:7      | Found a staircase to the Ecumenical Temple.
 11126 | D:7      | Found a basalt altar of Yredelemnul.
 11537 | D:8      | Found a runed translucent door.
 11648 | D:8      | Noticed Prince Ribbit
 11654 | D:8      | Killed Prince Ribbit
 11683 | D:8      | Found a hazy altar of Hepliaklqana.
 12028 | D:8      | Reached skill level 5 in Evocations
 12040 | D:8      | Reached ****** piety under Fedhas
 12110 | D:9      | Found an ancient bone altar of Kikubaaqudgha.
 12122 | D:9      | Noticed Joseph
 12139 | D:9      | Killed Joseph
 12240 | D:9      | Identified the +3 long sword "Otzod" {holy, rF- rN+ Str+2
                  | Stlth+}
 12364 | D:9      | Found a staircase to the Lair.
 12365 | D:9      | Noticed a fire dragon
 12377 | D:9      | Noticed a sun demon
 12402 | D:9      | Killed a sun demon
 12412 | D:9      | Killed a fire dragon
 13182 | D:10     | Entered Level 10 of the Dungeon
 13215 | D:10     | Found a runed translucent gate.
 13216 | D:10     | Found a runed translucent gate.
 13218 | D:10     | Found a runed translucent gate.
 13219 | D:10     | Noticed FortyBot's ghost (journeyman FoFi)
 13219 | D:10     | Noticed SensoryNuts's ghost (journeyman DsFi)
 13387 | D:10     | Found a staircase to the Orcish Mines.
 13824 | D:10     | Noticed a two-headed ogre
 13832 | D:10     | Killed a two-headed ogre
 14463 | D:11     | Found Mosecem's Jewellery Shoppe.
 14520 | Orc:1    | Entered Level 1 of the Orcish Mines
 14520 | Orc:1    | Found a roughly hewn altar of Beogh.
 14535 | D:10     | Reached skill level 10 in Evocations
 14567 | Orc:1    | Found Buxocul's Armour Emporium.
 14750 | Orc:1    | Noticed an orc warlord
 14774 | Orc:1    | Noticed an ettin
 14775 | Orc:1    | Killed an orc warlord
 14776 | Orc:1    | Reached XP level 13. HP: 46/117 MP: 15/20
 14779 | Orc:1    | Killed an ettin
 15039 | Orc:1    | Found Xiqachou's Antique Weapon Shop.
 15114 | Orc:1    | Found Awifuheb's Antique Weapon Boutique.
 15237 | Orc:2    | Entered Level 2 of the Orcish Mines
 15296 | Orc:2    | Noticed Azrael
 15307 | Orc:2    | Killed Azrael
 15310 | Orc:2    | Noticed Donald
 15321 | Orc:2    | Killed Donald
 15679 | Orc:2    | Found a roughly hewn altar of Beogh.
 15728 | Orc:2    | Found a staircase to the Elven Halls.
 16059 | Orc:2    | Noticed Sonja
 16086 | Orc:2    | Acquired 882 gold pieces
 16151 | Orc:2    | Killed Sonja
 17855 | Orc:2    | Found Vewimaxo's Antique Weapon Boutique.
 17855 | Orc:2    | Found Okar's General Store.
 17857 | Orc:2    | Found Asaebixy's Antique Armour Emporium.
 17859 | Orc:2    | Found Zatapote's Antique Weapon Shop.
 17864 | Orc:2    | Bought a scroll of enchant weapon for 120 gold pieces
 17866 | Orc:2    | Bought a pair of embroidered gloves for 217 gold pieces
 18047 | Lair:1   | Entered Level 1 of the Lair of Beasts
 18076 | Lair:1   | Reached skill level 15 in Maces & Flails
 19264 | Lair:2   | Reached skill level 11 in Invocations
 19455 | Lair:2   | Reached skill level 12 in Invocations
 19572 | Lair:2   | Reached XP level 14. HP: 119/125 MP: 23/23
 19601 | Lair:2   | Reached skill level 13 in Invocations
 20466 | Lair:2   | Found a staircase to the Shoals.
 20473 | Lair:2   | Reached skill level 14 in Invocations
 20991 | Lair:3   | Noticed Kirke
 20993 | Lair:3   | Noticed Snorg
 20997 | Lair:3   | HP: 6/125 [Kirke (17)]
 20999 | Lair:3   | Killed Kirke
 21000 | Lair:3   | Reached skill level 15 in Invocations
 21002 | Lair:3   | Killed Snorg
 21510 | Lair:3   | Reached skill level 16 in Invocations
 21986 | Lair:3   | Found a hole to the Spider Nest.
 22501 | Lair:4   | Reached skill level 5 in Armour
 23384 | D:3      | Bought a scroll of enchant weapon for 82 gold pieces
 23384 | D:3      | Bought a scroll of enchant armour for 82 gold pieces
 23384 | D:3      | Bought a scroll of summoning for 104 gold pieces
 23665 | D:11     | Identified the +6 quarterstaff of Painful Death {vorpal,
                  | rN+ MP+9}
 23708 | D:11     | Found Zuecu's Jewellery Boutique.
 23717 | D:11     | Bought the ring of Midsummer {AC+4 Slay+6} for 886 gold
                  | pieces
 24045 | D:11     | Found Bogrit's Antique Armour Shop.
 24430 | D:12     | Reached XP level 15. HP: 132/132 MP: 27/27
 24529 | D:12     | Found a transporter.
 24532 | D:12     | Noticed ebering's ghost (journeyman OpCA)
 24570 | D:12     | Found a transporter.
 25014 | D:12     | Reached skill level 10 in Armour
 26665 | Lair:4   | Found a staircase to the Slime Pits.
 27550 | Lair:5   | Entered Level 5 of the Lair of Beasts
 27903 | Lair:5   | Found the +1 robe of Vines {NoPotionHeal Regen++++}
 28365 | Lair:5   | Reached skill level 17 in Invocations
 28365 | Lair:5   | Reached XP level 16. HP: 139/139 MP: 28/28
 29348 | Shoals:1 | Entered Level 1 of the Shoals
 29677 | Shoals:1 | Found a runed translucent door.
 29678 | Shoals:1 | Noticed Cedruin's ghost (adept DrAr)
 29690 | Shoals:1 | Reached skill level 18 in Invocations
 30309 | Shoals:1 | Killed Cedruin's ghost
 30955 | Shoals:2 | Reached skill level 19 in Invocations
 32248 | D:11     | Bought an amulet of regeneration for 390 gold pieces
 32248 | D:11     | Bought the ring of the Thistle {rPois rC+} for 470 gold
                  | pieces
 32417 | Shoals:2 | Reached skill level 1 in Shields
 32420 | Shoals:2 | Noticed Ilsuiw
 32439 | Shoals:2 | Killed Ilsuiw
 32621 | Shoals:2 | Reached skill level 5 in Shields
 33296 | Shoals:3 | Noticed Jorgrun
 33315 | Shoals:2 | Killed Jorgrun
 33490 | Shoals:3 | Found a transporter.
 33551 | Shoals:3 | Reached XP level 17. HP: 64/148 MP: 27/30
 34411 | Shoals:3 | Found a transporter.
 34539 | Shoals:4 | Entered Level 4 of the Shoals
 34547 | Shoals:4 | Reached skill level 10 in Shields
 34992 | Shoals:4 | Got Ledwun's Handbook of the Undead and Bolts
 35292 | Shoals:4 | Identified the +3 leather armour of the Will of the Gods
                  | {Int+4}
 35470 | Shoals:4 | Got a barnacled rune of Zot
 35563 | Shoals:4 | Found Cexaghum's Distillery.
 35593 | Shoals:4 | Bought a potion of curing for 45 gold pieces
 35727 | Shoals:4 | Identified the +1 robe of the Comet {rF++ Will+ Regen+}
 35993 | Shoals:3 | Identified the +3 helmet "Lour" {Int+3}
 36013 | Shoals:3 | Got the Papyrus of Planar Kindling
 36014 | Shoals:3 | Identified the +0 chain mail of Baldness {Fly Dex+2}
 36731 | D:13     | Reached XP level 18. HP: 105/158 MP: 31/31
 37073 | D:13     | Found Xunymant's Firing Range.
 37130 | D:14     | Noticed Rupert
 37130 | D:14     | Noticed Urug
 37130 | D:14     | Found a gate to the Vaults.
 37133 | D:14     | Killed Urug
 37135 | D:14     | Killed Rupert
 37136 | D:14     | Reached skill level 15 in Fighting
 37595 | D:14     | Found a portal to a secret trove of treasure.
 37909 | D:15     | Entered Level 15 of the Dungeon
 38308 | D:15     | Found a staircase to the Depths.
 38916 | Spider:1 | Entered Level 1 of the Spider Nest
 38927 | Spider:1 | Reached skill level 1 in Throwing
 39025 | Spider:1 | Noticed Agnes
 39047 | Spider:1 | Killed Agnes
 39243 | Spider:1 | Identified Roxanne's Incunabulum of Stones
 39243 | Spider:1 | Noticed Roxanne
 39295 | Spider:1 | Killed Roxanne
 39477 | Spider:1 | Noticed Aizul
 39497 | Spider:1 | Killed Aizul
 39625 | Spider:1 | Reached skill level 5 in Throwing
 39985 | Spider:2 | Slain by an entropy weaver simulacrum

Illustrated notes

Levels and vault maps discovered:
D:1:      eino_arrival_water_cross, layout_rooms, kennysheep_doodads,
          chequers_serial_rivers_micro_d, minmay_misc_feat_iff,
          minmay_misc_feat_encased
D:2:      layout_loops_ring, hellmonk_ecumenical_altar_crossroads, uniq_sigmund,
          uniq_jessica
D:3:      layout_rooms, fedhas_altar_3, nicolae_overflow_hallway_of_the_gods,
          serial_shops, nicolae_shop_trees, nicolae_shop_behind_doors,
          nicolae_shop_hallway_stairs, gup_sewer_entry_bowl, nicolae_titane,
          uniq_natasha
D:4:      layout_gridville, minmay_strange_pillars
D:5:      cheibrodos_fzero, layout_basic, makhleb_blood_cavern_becter,
          roderic_lattice_a, kennysheep_generic_room_12
D:6:      layout_basic, good_gods_temple_1, gammafunk_ghost_necromancy,
          uniq_duvessa, uniq_maggie, uniq_pikel
D:7:      layout_gridville, nicolae_overflow_hidden_temple,
          minmay_temple_entry_ruins, serial_shops, nicolae_stop_n_shop_2,
          enter_bailey_3
D:8:      minmay_gate_of_8, layout_basic, mainiacjoe_overflow_cross_hatched,
          uniq_prince_ribbit1
D:9:      layout_irregular_city, lemuel_tele_altar, minmay_lair_entry_lava,
          serial_demonic, serial_demonic_e, serial_demonic_g, serial_demonic_f,
          serial_demonic_g, uniq_joseph
D:10:     layout_loops_ring, david_orc_1_choice, gammafunk_ghost_cemetery,
          nicolae_two_hexagons
D:11:     layout_long_grid, serial_shops, shop, nicolae_shop_hallway_stairs,
          minmay_shop_enchanted_jewellery
D:12:     layout_small_grid, gammafunk_ghost_arena, serial_ice, serial_ice_l,
          serial_ice_a, serial_ice_n, serial_ice_b,
          nicolae_straight_to_the_point
D:13:     minmay_box_of_statues, layout_gridville, nicolae_shop_firing_range
D:14:     layout_basic, david_vaults_3, enter_trove_2
D:15:     grunt_enter_depths_giant_problem, layout_basic, minivault_24,
          drop_trap
Lair:1:   layout_long_grid
Lair:2:   nzn_winding_woodlands_medium [nzn_winding_woodlands_5x5_open_star,
          nzn_winding_woodlands_5x15_pathside_ponds,
          nzn_winding_woodlands_5x5_default,
          nzn_winding_woodlands_5x5_closed_star,
          nzn_winding_woodlands_center_triple_pond,
          nzn_winding_woodlands_hourglass, nzn_winding_woodlands_5x5_three,
          nzn_winding_woodlands_5x15_pockets,
          nzn_winding_woodlands_5x5_perimeter], layout_cellular_growth,
          minmay_shoals_entry_lonely_mermaid, dreamdust_gnoll_shepherd
Lair:3:   layout_regular_city, dummy_spider_entry, uniq_snorg, uniq_rupert,
          uniq_kirke
Lair:4:   regret_index_combs_of_tragedy, layout_loops_ring,
          nicolae_slime_entry_slimehenge, kennysheep_rathole
Lair:5:   minmay_lair_end_enchanted_forest, layout_regular_city, serial_bayou,
          serial_bayou_pond_b, serial_bayou_lagoon_b, serial_bayou_pond_b,
          serial_bayou_lake_a, hellmonk_guarded_unrand_vines
Shoals:1: layout_shoals, ebering_ghost_inner_flame
Shoals:2: layout_shoals, argonaut_gorgonesque, uniq_ilsuiw
Shoals:3: gammafunk_sealed_arena, layout_shoals, nicolae_shoals_this_corrosion,
          uniq_jorgrun
Shoals:4: shoals_end_hangedman, layout_shoals, serial_shops, nicolae_shop_trees
Spider:1: layout_spider_delve, hellmonk_narrow_tunnel, uniq_roxanne, uniq_aizul,
          uniq_agnes
Spider:2: nicolae_spider_hilbert_zone_2 [nicolae_spider_hilbert_4_sides_1_open,
          nicolae_spider_hilbert_4_sides_1_open,
          nicolae_spider_hilbert_4_sides_1_open,
          nicolae_spider_hilbert_4_sides_1_open,
          nicolae_spider_hilbert_6_sides_1_open,
          nicolae_spider_hilbert_6_sides_1_open,
          nicolae_spider_hilbert_3_sides_1_open,
          nicolae_spider_hilbert_3_sides_1_open,
          nicolae_spider_hilbert_3_sides_1_open,
          nicolae_spider_hilbert_3_sides_1_open,
          nicolae_spider_hilbert_6_sides_1_open,
          nicolae_spider_hilbert_6_sides_1_open,
          nicolae_spider_hilbert_6_sides_1_open,
          nicolae_spider_hilbert_6_sides_1_open]
Orc:1:    layout_caves, basic_altar, serial_shops, nicolae_shop_trees,
          shop_statue, shop, nicolae_shop_hallway_stairs
Orc:2:    st_orc_rangers, layout_diamond_mine, basic_altar, uniq_azrael,
          uniq_donald, uniq_sonja

Skill      XL: |  1  2  3  4  5  6  7  8  9 10 11 12 13 14 15 16 17 18 |
---------------+-------------------------------------------------------+-----
Axes           | 5 6 |  6.7
Invocations    | 4 5 7 10 12 16 17 19 | 19.0
Fighting       | 4 6 10 11 12 13 16 | 16.0
Evocations     | 2 4 10 12 | 12.3
Maces & Flails | 6 10 13 15 | 15.6
Armour         | 3 9 14 | 14.2
Dodging        | 3 |  3.2
Shields        | 8 14 | 14.4
Throwing       | 6 |  6.8
Stealth        | |  1.5

Action                   |  1- 3 |  4- 6 |  7- 9 | 10-12 | 13-15 | 16-18 || total
-------------------------+-------+-------+-------+-------+-------+-------++-------
Melee: Hand axe          |   130 |   184 |    82 |       |       |       ||   396
       Punch             |       |     3 |     1 |       |       |       ||     4
       Dire flail        |       |       |   140 |   494 |    63 |       ||   697
       Eveningstar       |       |       |       |       |   746 |   824 ||  1570
Throw: Dart              |       |     4 |    12 |    21 |    40 |     6 ||    83
       Boomerang         |       |       |       |       |     4 |     2 ||     6
Invok: Wall of Briars    |       |     1 |     2 |     5 |     8 |     6 ||    22
       Grow Ballistomyce |       |       |     1 |     7 |    10 |    18 ||    36
       Grow Oklob        |       |       |       |       |       |     1 ||     1
       Overgrow          |       |       |       |       |       |     1 ||     1
Evoke: Wand              |       |     2 |     4 |    13 |    22 |    52 ||    93
       Condenser vane    |       |       |       |       |     1 |     3 ||     4
       Tin of tremorston |       |       |       |       |       |     4 ||     4
  Use: Potion            |       |     2 |       |     3 |     6 |     3 ||    14
       Scroll            |       |     4 |     1 |     4 |    20 |     8 ||    37
 Stab: Sleeping          |     2 |     2 |     2 |     1 |       |       ||     7
       Confused          |       |       |       |     6 |       |     4 ||    10
Armor: Robe              |     1 |       |       |       |       |       ||     1
       Ring mail         |    24 |       |       |       |       |       ||    24
       Leather armour    |     8 |    72 |    96 |     7 |       |       ||   183
       Acid dragon scale |       |       |       |   105 |       |       ||   105
       Fire dragon scale |       |       |       |    52 |   512 |   568 ||  1132
       Skin              |       |       |       |     4 |    22 |       ||    26
Dodge: Dodged            |    43 |   164 |   140 |   187 |   466 |   387 ||  1387
Block: Kite shield       |       |       |       |       |       |   321 ||   321
       Reflection        |       |       |       |       |       |    13 ||    13
